Map: Lerilak Crest

Players

Siegemode - Winner!

  • Race: Terran Terran
  • League: Gold

LilDicky

  • Race: Terran Terran
  • League: Diamond

VOD

http://www.twitch.tv/tumescentpie

Description

Time

  • Played on: Dec. 13, 2015, 7:08 p.m.
  • Length: 3:19
Show
View Real Time Build Order
Export as new Build Order

Siegemode Terran - Winner!

Build Orders:  

Get SALT Encoding   

  12  0:01  SCV  
  13  0:13  SCV  
  14  0:25  SCV  
  15  0:30  Supply Depot, Refinery  
  15  0:51  SCV  
  15  0:53  Barracks  
  15  0:55  Refinery  
  16  1:06  Barracks  
  16  1:15  Supply Depot  
  16  1:27  SCV  
  17  1:41  SCV  
  17  1:42  Reaper  
  19  1:55  Reaper  
  19  2:00  Orbital Command  
  20  2:14  Reaper  
  20  2:31  Reaper  
  21  2:41  SCV  
  22  2:46  Reaper  
Show
View Real Time Build Order
Export as new Build Order

LilDicky Terran 

Build Orders: Reaper Expand 

Get SALT Encoding   

  12  0:02  SCV  
  13  0:15  SCV  
  13  0:19  Supply Depot  
  14  0:27  SCV  
  15  0:41  SCV  
  16  0:43  Barracks  
  16  0:49  Refinery  
  16  0:53  SCV  
  17  1:05  SCV  
  18  1:17  SCV  
  19  1:34  Reaper  
  19  1:37  Command Center  
  20  1:41  Orbital Command  
  20  2:05  Refinery  
  20  2:06  Reaper  
  20  2:07  SCV  
  22  2:19  SCV  
  23  2:37  Factory  
  23  2:46  Supply Depot  
  23  2:48  Marine  
Tags
 
Add a new tag
Caveats
  • Supply blocks, unpowered buildings, or Contaminate may cause inaccurate times.
  • Supply counts are checked every 10 seconds.